 Dungeon Crawl Stone Soup version 0.27.1-2-g3b301248ec (webtiles) character file.

Game seed: 7763087332286732080

86 Descartes the Sneak (level 4, 0/21 HPs)
             Began as a Spriggan Enchanter on Oct 2, 2021.
             Slain by an orc wizard (2 damage)
             ... on level 3 of the Dungeon.
             The game lasted 00:05:01 (2297 turns).

Descartes the Sneak (Spriggan Enchanter)            Turns: 2297, Time: 00:05:02

Health: 0/21       AC:  2    Str: 11    XL:     4   Next: 27%
Magic:  9/9        EV: 18    Int: 16    God:
Gold:   131        SH:  0    Dex: 15    Spells: 8/9 levels left

rFire    + . .     SeeInvis +   w - +1 dagger (venom)
rCold    . . .     Faith    .   (shield restricted)
rNeg     . . .     Spirit   .   b - +0 robe
rPois    .         Reflect  .   (helmet restricted)
rElec    .         Harm     .   (no cloak)
rCorr    .         Rampage  .   (gloves unavailable)
Will     .....                  (boots unavailable)
Stlth    +++.......             (no amulet)
HPRegen  0.07/turn              d - +6 ring of strength
MPRegen  0.11/turn              q - ring of protection from fire

@: very quick
A: very small, no large weapons, unfitting armour, see invisible, speed 3
a: no special abilities


You were on level 3 of the Dungeon.
You visited 1 branch of the dungeon, and saw 3 of its levels.

You collected 131 gold pieces.

Inventory:

Hand Weapons
 t - a +0 hunting sling
 w - a +1 dagger of venom (weapon)
Missiles
 e - 40 arrows
 j - 30 stones
 n - 47 sling bullets
 r - 13 poisoned darts
Armour
 a - a +0 buckler
 b - a +0 robe (worn)
Jewellery
 d - a +6 ring of strength (left hand)
 q - a ring of protection from fire (right hand)
Wands
 v - a wand of acid (9)
Scrolls
 c - a scroll of blinking {unknown}
 f - 3 scrolls of identify {unknown}
 i - a scroll of fear {unknown}
 m - a scroll of amnesia {unknown}
 s - a scroll of fog {unknown}
Potions
 h - 2 potions of attraction {unknown}
 k - a potion of curing {unknown}
 l - a potion of heal wounds {unknown}
 o - a potion of haste {unknown}
 p - a potion of brilliance {unknown}
 u - a potion of lignification {unknown}


   Skills:
 + Level 2.3 Short Blades
 + Level 3.7 Dodging
 + Level 5.3 Stealth
 + Level 0.0 Shields
 - Level 3.0 Spellcasting
 + Level 4.3 Hexes


You had 8 spell levels left.
You knew the following spells:

 Your Spells              Type           Power      Damage    Failure   Level
a - Corona                Hex            17%        N/A       3%          1

Your spell library contained the following spells:

 Spells                   Type           Power      Damage    Failure   Level
 Confusing Touch          Hex            16%        N/A       10%         3
 Tukima's Dance           Hex            16%        N/A       10%         3
 Ensorcelled Hibernation  Hex/Ice        18%        N/A       12%         2
 Dazzling Flash           Conj/Hex       18%        N/A       22%         3


Dungeon Overview and Level Annotations

Branches:
Dungeon (3/15)

Altars:


Innate Abilities, Weirdness & Mutations

You are very small and have problems with some larger weapons.
You are too small for most types of armour.
You have supernaturally acute eyesight. (SInv)
You cover ground extremely quickly. (Speed+++)


Message History

A bat comes into view.
The orc hits you with a +0 hand axe.
The bat moves out of view.
You are too injured to fight recklessly!
You are too injured to fight recklessly!
You are too injured to fight recklessly!
You are too injured to fight recklessly!
You are too injured to fight recklessly!
You are too injured to fight recklessly!
You are too injured to fight recklessly!
You are too injured to fight recklessly!
You are too injured to fight recklessly!
You are too injured to fight recklessly!
You are too injured to fight recklessly!
You are too injured to fight recklessly!
You are too injured to fight recklessly!
You are too injured to fight recklessly!
You are too injured to fight recklessly!
You are too injured to fight recklessly!
Unknown command.
You closely miss the orc.
The orc is severely wounded.
The orc hits you with a +0 hand axe.
You hit the orc.
You kill the orc!
You barely miss the orc. The orc hits you with a +0 flail.
* * * LOW HITPOINT WARNING * * *
You barely miss the orc. The orc misses you.
You hit the orc.
The orc is poisoned.
The orc is severely wounded.
You hit the orc wizard.
The orc wizard is poisoned.
The orc wizard is moderately wounded.
You kill the orc!
You hit the orc wizard.
The orc wizard looks even sicker.
The orc wizard is moderately wounded.
The orc wizard points at you and mumbles some strange words.
The puff of flame misses you.
You barely miss the orc wizard.
The orc wizard is moderately wounded.
The orc wizard hits you with a +0 dagger.
You die...

.# ..# .## #.#.. ..##
#.##. #..#####.##.
.#....##.##.##
..###..#.# ..#
..####.#.###.#
.....#.#..##.#######
.#.PPP..#.##....@oo#
..P...P......#####)...#
#.....P#.....# ##.....
#......#.....# ....
##PPPPP#.....# ...
##...##.....# ..
#...##.....# .
############


You could see an orc wizard (invisible, very poisoned) and an orc.

Vanquished Creatures
  Ijyb (D:3)
  An ufetubus (D:3)
  A worm (D:2)
  2 dart slugs
  3 orcs (D:3)
  3 endoplasms (D:2)
  3 giant cockroaches
  3 hobgoblins
  3 kobolds
  2 quokkas
  6 ball pythons
  5 bats
  4 frilled lizards
  4 goblins
  5 rats
46 creatures vanquished.

Vanquished Creatures (others)
  5 toadstools (D:3)
5 creatures vanquished.

Grand Total: 51 creatures vanquished

Notes
Turn   | Place    | Note
-------+----------+-------------------------------------------
     0 | D:1      | Descartes the Spriggan Enchanter began the quest for the
                  | Orb.
     0 | D:1      | Reached XP level 1. HP: 9/9 MP: 5/5
   395 | D:1      | Reached XP level 2. HP: 13/13 MP: 6/6
  1044 | D:2      | Reached XP level 3. HP: 16/16 MP: 8/8
  1302 | D:2      | Found a faded altar of an unknown god.
  1455 | D:3      | Reached skill level 5 in Stealth
  2068 | D:3      | Noticed Ijyb
  2078 | D:3      | Killed Ijyb
  2079 | D:3      | Reached XP level 4. HP: 16/21 MP: 9/9
  2297 | D:3      | Slain by an orc wizard

Illustrated notes

Levels and vault maps discovered:
D:1:      dpeg_arrival_rooms_c, layout_loops_ring, minmay_pentomino_p4
D:2:      layout_rooms, shapermc_ecumenical_altar_acropolis
D:3:      layout_rooms, mainiacjoe_overflow_alcove_2,
          chequers_serial_rivers_small_b, grunt_ministairs_5,
          hangedman_decor_growths, minmay_gold_behind_fungi, minivault_23,
          uniq_ijyb

Skill      XL: |  1  2  3 |
---------------+----------+-----
Dodging        | 3 |  3.7
Spellcasting   | 3 |  3.0
Hexes          | 4 |  4.3
Stealth        | 5 |  5.3
Short Blades   | 2 |  2.3

Action                   |  1- 3 |  4- 6 || total
-------------------------+-------+-------++-------
Melee: Dagger            |   124 |    30 ||   154
 Stab: Sleeping          |    13 |       ||    13
Armor: Robe              |     3 |       ||     3
Dodge: Dodged            |    90 |    19 ||   109
